Map: Ciudad Esmeralda EE

Players

TATORREA

  • Race: Protoss Protoss
  • League: Gold
  • Spawn Location: 5:00

MrFercho

  • Race: Zerg Zerg
  • League: Silver
  • Spawn Location: 5:00

Scorpius - Winner!

  • Race: Terran Terran
  • Spawn Location: 11:00

cutekittens - Winner!

  • Race: Protoss Protoss
  • Spawn Location: 11:00

VOD

Have the link to the VOD?

Description

Time

  • Played on: July 12, 2020, 8:37 p.m.
  • Length: 12:21
Show
View Real Time Build Order
Export as new Build Order

TATORREA Protoss 

Build Orders: 1 Gate Expand, Blink Stalkers 

Get SALT Encoding   

  12  0:01  Probe  
  13  0:14  Probe  
  14  0:18  Pylon  
  14  0:26  Probe  
  15  0:36  Probe  
  16  0:43  Gateway  
  16  0:44  Probe  
  17  0:50  Assimilator  
  17  0:53  Probe  
  18  1:04  Probe  
  18  1:05  Pylon  
  19  1:16  Probe  
  20  1:28  Probe  
  21  1:38  Nexus  
  21  1:47  Pylon, Probe  
  22  1:59  Probe  
  23  2:01  Cybernetics Core  
  23  2:08  Assimilator  
  23  2:09  Probe  
  24  2:17  Probe  
  25  2:25  Probe  
  26  2:33  Probe  
  26  2:42  Probe  
  26  2:43  Twilight Council  
  27  2:47  Gateway  
  28  2:52  Probe  
  28  2:54  Probe  
  30  3:02  Robotics Facility  
  30  3:04  Warp Gate, Probe  
  31  3:06  Probe  
  31  3:11  Stalker  
  34  3:13  Blink  
  34  3:16  Probe  
  34  3:18  Probe  
  36  3:28  Probe  
  36  3:33  Probe  
  38  3:41  Probe  
  39  3:47  Probe  
  40  4:01  Nexus  
  40  4:02  Pylon, Probe x2  
  42  4:05  Observer  
  43  4:16  Probe x2  
  45  4:18  Stargate  
  45  4:23  Assimilator  
  45  4:26  Immortal  
  45  4:28  Assimilator, Probe x2  
  51  4:40  Probe x2  
  53  4:50  Gateway  
  53  4:52  Gateway, Probe x2  
  55  5:17  Stargate  
  55  5:19  Pylon, Probe x3  
  58  5:23  Stalker  
  58  5:24  Stalker, Pylon  
  58  5:26  Charge  
  58  5:27  Immortal  
  66  5:29  Pylon, Phoenix  
  66  5:31  Probe x3  
  71  5:43  Probe x3  
  74  5:54  Pylon  
  74  5:55  Probe x3  
  77  5:57  Pylon  
  77  5:59  Void Ray  
  81  6:07  Probe x3  
  81  6:10  Phoenix  
  86  6:12  Stalker  
  86  6:13  Stalker x2  
  92  6:22  Assimilator  
  92  6:26  Assimilator  
  92  6:31  Probe x3  
  95  6:37  Immortal, Nexus  
  99  6:40  Pylon  
  99  6:43  Pylon  
  99  6:45  Probe x3  
  102  6:50  Void Ray, Pylon  
  102  6:52  Phoenix  
  108  6:57  Sentry, Probe x2  
  108  7:00  Stalker  
  114  7:01  Zealot  
  114  7:02  Zealot  
  114  7:04  Probe  
  119  7:21  Probe x2  
  119  7:22  Probe  
  122  7:33  Probe  
  122  7:34  Probe x2  
  125  7:44  Assimilator  
  125  7:45  Gateway, Probe  
  125  7:48  Gateway, Probe  
  125  7:50  Assimilator  
  125  7:51  Gateway  
  127  7:53  Gateway  
  127  7:56  Gateway x2  
  127  7:57  Pylon  
  127  8:01  Gateway  
  127  8:03  Gateway  
  127  8:04  Stalker x2  
  127  8:05  Stalker  
  133  8:06  Stalker, Pylon  
  133  8:10  Void Ray, Phoenix  
  141  8:14  Pylon  
  141  8:38  Forge  
  141  8:39  Forge  
  141  8:43  Forge, Phoenix  
  141  8:45  Templar Archives  
  143  8:53  Void Ray, Fleet Beacon  
  147  8:56  Immortal  
  147  8:59  Stalker  
  147  9:00  Stalker, Nexus  
  147  9:02  Stalker  
  157  9:03  Pylon  
  157  9:04  Pylon  
  157  9:08  Protoss Air Weapons Level 1, Phoenix  
  159  9:10  Stalker  
  159  9:11  Stalker x3  
  167  9:17  Stalker x2  
  167  9:18  Stalker  
  173  9:25  Stalker x2  
  173  9:26  Stalker  
  173  9:27  Stalker  
  181  9:32  Sentry  
  181  9:34  Sentry  
  181  9:35  Sentry  
  181  9:36  Observer  
  117  10:06  Stalker x2  
  117  10:07  Stalker x4  
  101  10:08  Stalker x3  
  101  10:09  Stalker x2  
  103  10:30  Stalker x4  
  103  10:31  Stalker x4  
  119  10:42  Zealot x3  
  123  10:43  Zealot  
  126  11:08  Stalker  
  126  11:09  Stalker x5  
  126  11:10  Stalker  
  126  11:11  Stalker  
  120  11:22  Stalker x3  
  120  11:23  Stalker  
  80  11:35  Stalker x3  
  80  11:36  Stalker x3  
  80  11:37  Stalker x2  
  66  12:00  Stalker  
  66  12:01  Stalker x4  
  60  12:02  Stalker x3  
  60  12:03  Stalker x2  
Show
View Real Time Build Order
Export as new Build Order

MrFercho Zerg 

Build Orders: Hatch First 

Get SALT Encoding   

  12  0:08  Overlord  
  12  0:13  Drone  
  13  0:25  Drone  
  13  0:27  Drone  
  15  0:31  Drone  
  16  0:53  Hatchery  
  16  0:54  Drone  
  16  0:58  Drone  
  16  1:03  Drone  
  18  1:09  Extractor  
  17  1:17  Spawning Pool  
  16  1:21  Drone  
  16  1:24  Drone  
  18  1:35  Drone  
  19  1:46  Drone  
  20  1:56  Drone  
  21  2:05  Queen  
  21  2:06  Queen  
  21  2:07  Overlord  
  25  2:11  Drone  
  26  2:16  Drone  
  26  2:18  Drone  
  28  2:27  Drone  
  28  2:28  Drone  
  30  2:39  Drone x2  
  32  2:55  Queen  
  34  3:07  Zergling x4  
  36  3:23  Baneling Nest, Evolution Chamber, Drone  
  36  3:24  Drone  
  36  3:28  Overlord x3  
  36  3:41  Metabolic Boost  
  36  3:42  Hatchery  
  36  3:48  Drone x4  
  37  3:50  Zergling x4  
  37  3:51  Zergling x2  
  42  3:56  Lair  
  42  3:59  Zerg Melee Weapons Level 1  
  42  4:23  Baneling x2  
  42  4:24  Baneling  
  42  4:27  Drone x9  
  42  4:31  Extractor  
  50  4:32  Extractor  
  49  4:54  Zergling x8  
  49  4:55  Zergling x4  
  55  5:06  Burrow  
  55  5:18  Drone x3  
  58  5:22  Drone x5  
  63  5:29  Overlord x3  
  63  5:36  Baneling  
  63  5:37  Baneling x7  
  63  5:50  Overlord x3  
  63  5:51  Overlord  
  63  6:05  Drone x6  
  63  6:06  Drone x3  
  72  6:35  Hatchery  
  71  6:41  Hatchery, Pneumatized Carapace  
  71  6:43  Hatchery, Zerg Melee Weapons Level 2  
  71  6:44  Centrifical Hooks  
  69  6:51  Hydralisk Den  
  69  6:52  Drone  
  69  6:53  Extractor, Drone x3  
  69  6:54  Drone x3  
  74  7:06  Extractor  
  74  7:08  Extractor  
  72  7:09  Drone  
  72  7:10  Drone x6  
  79  7:36  Drone x2  
  79  7:37  Drone  
  82  7:40  Zergling x18  
  91  7:52  Grooved Spines  
  91  7:59  Evolution Chamber  
  90  8:07  Zergling x2  
  90  8:08  Zergling x28  
  105  8:37  Baneling x7  
  105  8:38  Baneling  
  105  8:50  Infestation Pit  
  104  9:03  Muscular Augments  
  71  10:00  Queen  
  71  10:02  Hydralisk x17  
  71  10:03  Hydralisk x8  
  122  10:39  Hive  
  122  10:55  Overlord x9  
  122  10:56  Overlord x9, Hatchery  
  85  11:15  Zergling x2  
  85  11:16  Zergling x24  
  82  11:26  Lurker Den  
  82  11:32  Zergling x2  
  82  11:33  Zergling x18  
  78  11:43  Hydralisk x7  
  91  11:58  Drone  
Show
View Real Time Build Order
Export as new Build Order

Scorpius Terran - Winner!

Build Orders: Command Center First (CC) 

Get SALT Encoding   

  12  0:01  SCV  
  13  0:14  SCV  
  14  0:30  SCV  
  14  0:35  Supply Depot  
  15  1:00  SCV  
  15  1:01  Command Center  
  16  1:14  Barracks  
  16  1:17  SCV  
  17  1:25  Refinery  
  17  1:29  Refinery  
  17  1:30  SCV  
  18  1:43  SCV  
  19  1:54  Barracks  
  19  2:13  Supply Depot  
  19  2:16  SCV  
  19  2:18  SCV  
  19  2:22  Marine  
  22  2:28  SCV  
  23  2:35  Supply Depot  
  23  2:39  SCV  
  23  2:40  Marine  
  23  2:41  SCV  
  26  2:50  Factory  
  26  2:56  Marine  
  26  2:57  Marine  
  26  2:58  Supply Depot  
  28  3:14  Marine  
  28  3:15  Marine  
  28  3:19  SCV x2  
  32  3:23  Barracks  
  32  3:31  SCV x2  
  34  3:38  Starport  
  34  3:40  Factory Tech Lab  
  34  3:43  SCV  
  34  3:44  SCV  
  36  3:50  Marine  
  36  3:51  Marine  
  38  4:02  SCV  
  39  4:03  SCV  
  39  4:07  Marine  
  39  4:09  Marine  
  42  4:14  Viking  
  44  4:18  Siege Tank  
  47  4:25  Marine  
  47  4:26  Armory  
  47  4:29  SCV x2  
  50  4:31  Marine  
  50  4:33  Marine  
  52  4:40  Supply Depot  
  52  4:44  Medivac  
  54  5:14  Viking  
  54  5:20  SCV x2  
  58  5:23  Refinery  
  58  5:26  Marine x3  
  58  5:27  Refinery  
  61  5:32  SCV x2  
  63  5:44  Medivac, Marine, SCV x2  
  68  5:51  Engineering Bay  
  68  5:52  Engineering Bay  
  68  5:54  Supply Depot  
  68  5:56  SCV x2  
  70  6:09  Supply Depot  
  70  6:15  Marine x3, SCV x2  
  70  6:17  Supply Depot  
  75  6:21  Supply Depot  
  75  6:27  SCV, Missile Turret  
  76  6:33  Marine  
  76  6:37  Marine x2  
  76  6:38  Thor  
  85  6:40  Medivac  
  85  6:44  Terran Infantry Weapons Level 1  
  85  6:45  Terran Infantry Armor Level 1  
  88  6:55  Barracks  
  88  6:56  Barracks Tech Lab  
  88  6:57  Barracks  
  87  7:09  Barracks Reactor  
  87  7:12  Barracks Reactor  
  87  7:18  Combat Shield  
  87  7:39  Barracks  
  87  7:42  Barracks  
  87  7:47  Barracks  
  87  7:55  Marine x4  
  87  7:56  Marine x3  
  94  8:00  Thor  
  94  8:02  Command Center  
  100  8:17  Marauder  
  102  8:25  Supply Depot  
  102  8:29  Supply Depot  
  102  8:33  Supply Depot  
  102  8:35  Terran Vehicle Weapons Level 1  
  102  8:37  Stimpack  
  102  8:46  Marine x5, SCV  
  102  8:47  Marauder  
  110  8:50  Terran Infantry Weapons Level 2, SCV  
  110  8:53  Terran Infantry Armor Level 2  
  111  9:00  Supply Depot  
  111  9:11  Orbital Command  
  111  9:14  Orbital Command  
  111  9:19  Planetary Fortress  
  111  9:23  Supply Depot  
  111  9:24  Marine x3  
  111  9:28  Marine x2  
  111  9:30  Marine  
  111  9:31  Marine  
  110  9:59  Marine x4  
  103  10:00  Marine x3  
  103  10:01  Thor  
  107  10:17  Marine x5, Concussive Shells  
  107  10:18  Viking, Marine  
  113  10:24  Marine  
  114  10:35  Marine x6  
  120  10:43  Marine  
  120  10:44  Thor  
  120  10:48  Viking  
  126  10:52  Marine  
  126  10:53  Marine x3  
  130  10:58  Marine  
  130  10:59  Marine  
  130  11:01  Marine  
  133  11:10  Marine  
  129  11:15  Marine x3  
  129  11:16  Marine x2  
  133  11:20  Marine  
  132  11:28  Marine  
  133  11:33  Marine x3  
  133  11:35  Marine x2  
  133  11:38  Marine  
  139  11:46  Marine  
  146  11:51  Marine  
Show
View Real Time Build Order
Export as new Build Order

cutekittens Protoss - Winner!

Build Orders: Carriers 

Get SALT Encoding   

  12  0:03  Probe  
  13  0:15  Pylon  
  13  0:19  Probe  
  14  0:29  Assimilator  
  14  0:33  Probe  
  15  0:45  Gateway  
  15  0:49  Assimilator  
  15  0:51  Probe  
  16  1:03  Probe  
  17  1:07  Forge  
  17  1:15  Probe  
  18  1:24  Pylon  
  18  1:27  Probe  
  19  1:39  Probe  
  20  1:51  Probe  
  20  1:52  Zealot  
  23  2:03  Probe  
  24  2:15  Probe  
  24  2:21  Zealot  
  24  2:22  Nexus  
  27  2:47  Assimilator  
  27  2:51  Assimilator  
  27  2:53  Pylon  
  27  2:56  Pylon  
  27  3:00  Pylon  
  27  3:10  Cybernetics Core  
  27  3:14  Pylon  
  27  3:19  Photon Cannon  
  27  3:34  Photon Cannon  
  27  3:38  Photon Cannon  
  27  3:44  Probe  
  29  3:48  Probe  
  29  3:56  Probe  
  30  4:05  Stargate  
  30  4:07  Probe  
  30  4:09  Probe  
  32  4:20  Probe  
  32  4:21  Probe  
  34  4:24  Stargate  
  34  4:32  Probe  
  34  4:35  Stargate  
  35  4:45  Stargate  
  35  4:50  Probe  
  36  5:01  Probe  
  36  5:02  Probe  
  38  5:13  Probe  
  39  5:14  Probe  
  40  5:21  Fleet Beacon  
  40  5:26  Probe x2  
  42  5:38  Probe x2  
  42  5:39  Protoss Air Weapons Level 1  
  44  5:50  Probe  
  45  6:02  Probe  
  46  6:05  Carrier  
  46  6:07  Carrier  
  58  6:14  Carrier, Probe  
  65  6:25  Probe  
  66  6:38  Mothership  
  74  6:53  Pylon  
  74  6:55  Pylon  
  74  6:58  Pylon  
  74  7:01  Pylon  
  74  7:04  Pylon  
  74  7:07  Pylon  
  74  7:10  Pylon  
  74  7:12  Pylon  
  74  7:15  Pylon  
  74  7:18  Pylon  
  74  7:38  Nexus  
  74  7:44  Carrier  
  80  7:53  Carrier  
  86  8:12  Pylon  
  86  8:14  Pylon  
  86  8:15  Carrier  
  86  8:18  Pylon  
  92  8:31  Carrier  
  98  8:40  Photon Cannon  
  98  8:43  Photon Cannon  
  98  8:47  Photon Cannon  
  98  9:02  Carrier  
  104  9:24  Carrier  
  104  9:29  Carrier  
  102  10:19  Carrier  
  102  10:20  Carrier  
  114  10:29  Carrier  
  120  10:47  Carrier  
Tags
 
Add a new tag
Caveats
  • Supply blocks, unpowered buildings, or Contaminate may cause inaccurate times.
  • Supply counts are checked every 10 seconds.